 Dungeon Crawl Stone Soup version 0.29-a0-88-g03a7b78be7 (webtiles) character file.

Game seed: 16097932635163623429

167 dmks the Magician (level 5, -2/35 HPs)
             Began as a Djinni Fire Elementalist on Feb 5, 2022.
             Slain by an orc (5 damage)
             ... on level 4 of the Dungeon.
             The game lasted 00:05:59 (3967 turns).

dmks the Magician (Djinni Fire Elementalist)        Turns: 3967, Time: 00:05:59

Health: -2/35      AC:  2    Str:  7    XL:     5   Next: 76%
Gold:   61         EV: 12    Int: 19    God:
                   SH:  0    Dex: 13

rFire   + + .      SeeInvis +   (no weapon)
rCold   x . .      Faith    .   (no shield)
rNeg    . . .      Spirit   .   a - +0 robe
rPois   ∞          Reflect  .   (no helmet)
rElec   .          Harm     .   (no cloak)
rCorr   .          Rampage  .   (no gloves)
Will    .....                   (boots unavailable)
Stlth   ++........              (no amulet)
HPRegen 0.11/turn               e - ring of wizardry
MPRegen 0.00/turn               z - ring of see invisible

@: flying, hasted, very quick
A: sickness immunity, fire resistance 2, cold vulnerability 1, float, innate
caster, HP casting, extra vitality 1
a: no special abilities


You were on level 4 of the Dungeon.
You visited 1 branch of the dungeon, and saw 4 of its levels.

You collected 61 gold pieces.

Inventory:

Armour
 a - a +0 robe (worn)
 m - a +1 pair of boots of flying
   (You found it on level 4 of the Dungeon)
Jewellery
 e - a ring of wizardry (left hand)
   (You found it on level 1 of the Dungeon)
 z - a ring of see invisible (right hand)
   (You found it on level 1 of the Dungeon)
Wands
 x - a wand of acid (14)
   (You found it on level 4 of the Dungeon)
Scrolls
 c - a scroll of summoning {unknown}
 f - 3 scrolls of identify {@r1}
 h - 2 scrolls of fog {unknown}
 j - 3 scrolls of teleportation {unknown}
 k - a scroll of enchant armour {unknown}
 l - a scroll of magic mapping {unknown}
Potions
 d - a potion of brilliance
 g - 4 potions of curing {@q1}
 n - a potion of degeneration {unknown}


   Skills:
 - Level 2.5 Dodging
 - Level 2.0 Stealth
 * Level 4.4 Spellcasting


You couldn't memorise any spells.
You knew the following spells:

 Your Spells              Type           Power      Damage    Failure   Level
a - Foxfire               Conj/Fire      84%        2x1d8     1%          1
b - Scorch                Fire           42%        2d7       1%          2
c - Inner Flame           Hex/Fire       21%        N/A       2%          3
d - Conjure Flame         Conj/Fire      21%        6-21      2%          3
e - Flame Wave            Conj/Fire      21%        2d7       9%          4
f - Summon Small Mammal   Summ           84%        N/A       1%          1
q - Passwall              Tmut/Erth      17%        N/A       1%          2
Your spell library was empty.

Dungeon Overview and Level Annotations

Branches:
Dungeon (4/15)
 Temple: D:4-7

Altars:

Shops:
D:1 =?:

Annotations:
D:3 1 runed translucent door, ma3's ghost, amateur DjWz
D:4 Duvessa


Innate Abilities, Weirdness & Mutations

You are immune to sickness and miasma.
You are immune to poison.
Your flesh is very heat resistant. (rF++)
You are vulnerable to cold. (rC-)
You float through the air rather than walking.
You learn spells naturally, not from books.
Your magical power is your life essence.
You have superior vitality. (+4 MHP)


Message History

Found a scroll of identify.
f - 3 scrolls of identify {@r1} (gained 1) Sorry, you're not good enough to have a special ability.
Found an emerald potion.
An orc priest comes into view. It is wielding a +0 flail.
You see here an emerald potion.
A kobold comes into view.
It is wielding a +0 whip and quivering poisoned darts.
The orc priest shouts!
You hear a shout! x3
The orc priest calls down the wrath of Beogh upon you.
Pain shoots through your body!
An orc priest comes into view.
It is wielding a +0 dagger and wearing a +0 chain mail of fire resistance.
You see here an emerald potion.
You conjure some foxfire!
An orc priest comes into view. It is wielding a +0 whip.
The foxfire hits the orc priest.
The foxfire hits the orc priest!
The orc priest looks braver for a moment.
An orc comes into view. It is wielding a +0 hand axe.
Aim: an orc priest, wielding a +0 flail and wearing a +0 leather armour (heavily wounded, chance to affect: 75%)
The orc priest struggles to resist.
The orc priest calls down the wrath of Beogh upon you.
Beogh smites you!
* * * LOW HITPOINT WARNING * * *
You hear a shout!
The orc priest invokes the aid of Beogh against you.
Pain shoots through your body!
* * * LOW HITPOINT WARNING * * *
The kobold throws a poisoned dart.
The poisoned dart completely misses you.
You conjure some foxfire!
* * * LOW HITPOINT WARNING * * *
The foxfire hits the orc priest.
The foxfire hits the orc priest.
You kill the orc priest!
You feel better.
The orc priest hits you with a +0 dagger.
* * * LOW HITPOINT WARNING * * *
It was a potion of haste.
You feel yourself speed up.
The orc priest hits you with a +0 dagger.
* * * LOW HITPOINT WARNING * * *
The orc hits you with a +0 hand axe.
* * * LOW HITPOINT WARNING * * *
Really read
i - a scroll of immolation {!r}? [Y]es or [N]o only, please.
Really read
i - a scroll of immolation {!r}?
Really read the scroll of immolation?
As you read the scroll of immolation {!r}, it crumbles to dust.
The creatures around you are filled with an inner flame!
The orc hits you with a +0 hand axe.
You die...

#### ...# #####
...####...# #########
..........########........
...####.........@oK.......
...# ##.........o..######
.### ##.####.####o#
.########.# #.# .#
.#......... ... ..
.#..(...#####..## .##
.#......## #.## .#
.........# #. .#
.........# #.


You could see 2 orc priests, an orc (inner flame) and a kobold (inner flame).

Vanquished Creatures
  An orc priest (D:4)
  A centaur skeleton (D:3)
  4 adders
  An ufetubus (D:4)
  2 adder skeletons (D:4)
  2 dart slugs
  An orc (D:4)
  5 ball pythons
  4 bats
  3 endoplasms
  2 giant cockroaches
  4 goblins
  8 hobgoblins
  4 jackals
  3 quokkas
  A frilled lizard (D:2)
  7 kobolds
  2 rats
55 creatures vanquished.

Vanquished Creatures (others)
  217 foxfires
217 creatures vanquished.

Grand Total: 272 creatures vanquished

Notes
Turn   | Place    | Note
-------+----------+-------------------------------------------
     0 | D:1      | dmks the Djinni Fire Elementalist began the quest for the
                  | Orb.
     0 | D:1      | Reached XP level 1. HP: 15/15 MP: 0/0
   340 | D:1      | Found Xegeqargh's Book Emporium.
   405 | D:1      | Reached XP level 2. HP: 18/21 MP: 0/0
   466 | D:1      | Found Lefaogy's Magic Scroll Emporium.
   757 | D:1      | Found Mergh's Weapon Shop.
   810 | D:1      | Reached XP level 3. HP: 22/25 MP: 0/0
   810 | D:1      | Learned a level 1 spell: Summon Small Mammal
   867 | D:1      | Found Loryutz's Jewellery Emporium.
  1197 | D:2      | Reached skill level 3 in Spellcasting
  1707 | D:2      | Found a faded altar of an unknown god.
  1804 | D:2      | Noticed an ogre
  1946 | D:2      | Reached XP level 4. HP: 12/31 MP: 0/0
  2579 | D:3      | Found a runed translucent door.
  2638 | D:3      | Reached XP level 5. HP: 34/35 MP: 0/0
  2638 | D:3      | Learned a level 2 spell: Passwall
  3266 | D:3      | Noticed ma3's ghost (amateur DjWz)
  3475 | D:4      | Reached skill level 4 in Spellcasting
  3796 | D:4      | Noticed a phantom
  3802 | D:4      | Noticed Duvessa
  3967 | D:4      | Slain by an orc

Illustrated notes

Levels and vault maps discovered:
D:1:      ncdulo_halloftheorcs, layout_rooms, serial_shops,
          nicolae_shop_behind_doors,
          nicolae_shop_temple_entry_statues_fountains, shop_fountains, shop
D:2:      layout_basic, basic_altar, hellmonk_ecumenical_altar_blasted,
          minmay_tetromino_t2, uniq_terence
D:3:      layout_loops_ring, ebering_ghost_reflecting_pool, minmay_door_square
D:4:      black_bear_nest_2, layout_loops_ring, minitemple, uniq_grinder,
          uniq_duvessa, uniq_ijyb

Skill      XL: |  1  2  3  4  5 |
---------------+----------------+-----
Stealth        | 2 |  2.0
Spellcasting   | 3 4 |  4.4
Dodging        | |  2.5

Action                   |  1- 3 |  4- 6 || total
-------------------------+-------+-------++-------
 Cast: Foxfire           |    83 |    54 ||   137
       Scorch            |     1 |     1 ||     2
       Conjure Flame     |       |     1 ||     1
       Inner Flame       |       |     1 ||     1
  Use: Scroll            |     1 |     2 ||     3
       Potion            |       |     2 ||     2
Armor: Robe              |       |     3 ||     3
Dodge: Dodged            |    10 |    24 ||    34

Table legend: (Time is in decaauts)
 A = Elapsed time spent in this place.
 B = Non-inter-level travel time spent in this place.
 C = Inter-level travel time spent in this place.
 D = Time resting spent in this place.
 E = Time spent auto-exploring this place.
 F = Levels seen in this place.
 G = Mean time per level.
                   A        B        C        D        E       F      G
               +--------+--------+--------+--------+--------+-----+--------+
         Total |   3965 |   3919 |     46 |    480 |   2744 |   4 |  991.2 |
       Dungeon |   3965 |   3919 |     46 |    480 |   2744 |   4 |  991.2 |
               +--------+--------+--------+--------+--------+-----+--------+

Top non-repeatable levels by time:
     D:2: 1108 daAuts
     D:3: 1101 daAuts
     D:1: 1078 daAuts
     D:4: 676 daAuts
